 Dungeon Crawl Stone Soup version 0.17.0-28-g6e173f8 (webtiles) character file.

112 gorblad the Magician (level 4, -1/30 HPs)
             Began as a Mummy Necromancer on Dec 2, 2015.
             Was a Follower of Yredelemnul.
             Killed from afar by Sigmund (8 damage)
             ... with a magic dart
             ... on level 3 of the Dungeon on Dec 3, 2015.
             The game lasted 00:09:25 (2491 turns).

gorblad the Magician (Mummy Necromancer)            Turns: 2491, Time: 00:09:26

Health: -1/30      AC:  3    Str: 11    XL:     4   Next: 63%
Magic:  6/10       EV: 12    Int: 15    God:    Yredelemnul [*.....]
Gold:   117        SH:  0    Dex: 12    Spells: 1 memorised, 11 levels left

rFire  x . .     SeeInvis .     f - -2 short sword (curse)
rCold  + . .     Clarity  .     a - +1 robe
rNeg   + + +     SustAt   .     (no shield)
rPois  ∞         Gourm    .     (no helmet)
rElec  .         Spirit   .     (no cloak)
rCorr  .         Warding  .     (no gloves)
rMut   .         Stasis   .     (no boots)
MR     .....                    (no amulet)
Stlth  ++........               (no ring)
                                (no ring)

@: not resistant to hostile enchantments, unstealthy
A: no food or potions, fire vulnerability, cold resistance 1, negative energy
resistance 3, torment resistance, unbreathing
a: Animate Remains, Renounce Religion


You were on level 3 of the Dungeon.
You worshipped Yredelemnul.
Yredelemnul was aware of your devotion.
You were not hungry.

You visited 1 branch of the dungeon, and saw 3 of its levels.

You collected 117 gold pieces.

Inventory:

Hand Weapons
 f - a cursed -2 short sword (weapon)
Armour
 a - a +1 robe (worn)
Jewellery
 e - an uncursed amulet of guardian spirit {unknown}
 g - an uncursed ring of poison resistance {unknown}
Scrolls
 c - a scroll of recharging
 d - a scroll of magic mapping
 h - a scroll of remove curse {unknown}
 i - a scroll of blinking {unknown}
Books
 b - a book of Necromancy

   Spells                             Type                      Level
   a - Pain                           Necromancy                   1
   b - Animate Skeleton               Necromancy                   1
   c - Vampiric Draining              Necromancy                   3
   d - Regeneration                   Charms/Necromancy            3
   e - Animate Dead                   Necromancy                   4
   f - Control Undead                 Necromancy                   4


   Skills:
 - Level 1.5 Dodging
 - Level 1.5 Stealth
 + Level 4.5 Spellcasting
 - Level 4.0 Necromancy


You had 11 spell levels left.
You knew the following spells:

 Your Spells              Type           Power        Failure   Level  Hunger
a - Pain                  Necr           ###.         3%          1    N/A

Dungeon Overview and Level Annotations

Branches:
Dungeon (3/15)

Altars:
Qazlal
Yredelemnul

Annotations:
D:3 Sigmund


Innate Abilities, Weirdness & Mutations

You do not eat or drink.
Your flesh is vulnerable to fire.
You are immune to poison.
Your flesh is cold resistant.
You are immune to negative energy.
You are immune to unholy pain and torment.
You can survive without breathing.


Message History

Yredelemnul accepts your kill.
Casting: Pain
Confirm with . or Enter, or press ? or * to list all spells.
You can't see any susceptible monsters within range! (Use Z to cast anyway.)
Casting: Pain
Confirm with . or Enter, or press ? or * to list all spells.
You don't know that spell.
Unknown command.
Casting: Pain
Confirm with . or Enter, or press ? or * to list all spells.
You can't see any susceptible monsters within range! (Use Z to cast anyway.)
You see here a flail.
You can't drink.
You can't drink.
Read which item? (? for menu, Esc to quit)
Okay, then.
A magic dart appears from out of thin air!
The magic dart hits you!
You die...
Yredelemnul claims you as an undead slave.

#.##.#......# #
#...%.)####....#
#.#.....###..... #
#.#......[.# ....
#.#.....##.# .#.##
#.#.....# ...#..###
#.#.....# ........
######.#.....#####.......
...........@......<.#
##########.####.#.###
######.###....†.##
......................
......................
≈.≈≈≈≈....≈≈..≈≈≈.≈≈.≈
≈≈≈≈≈≈≈≈≈≈≈≈≈≈≈≈≈≈≈≈≈≈
≈≈≈≈≈≈≈≈≈≈≈≈≈≈≈≈≈≈≈≈≈≈
###≈≈≈≈≈≈≈≈≈≈≈≈≈≈≈≈≈≈≈


There were no monsters in sight!

Vanquished Creatures
  Natasha (D:2)
  4 adders
  A worm (D:2)
  3 giant geckos (D:1)
  A ball python (D:1)
  3 bats
  A giant cockroach (D:2)
  2 goblins
  8 hobgoblins
  7 jackals
  4 giant newts
  4 kobolds
  6 rats
45 creatures vanquished.

Notes
Turn   | Place    | Note
--------------------------------------------------------------
     0 | D:1      | gorblad the Mummy Necromancer began the quest for the Orb.
     0 | D:1      | Reached XP level 1. HP: 13/13 MP: 3/3
   318 | D:1      | Reached XP level 2. HP: 13/19 MP: 0/5
  1242 | D:2      | Found a basalt altar of Yredelemnul.
  1273 | D:2      | Became a worshipper of Yredelemnul the Dark
  1285 | D:2      | Reached XP level 3. HP: 24/24 MP: 0/7
  1772 | D:2      | Found a stormy altar of Qazlal.
  1780 | D:2      | Noticed Natasha
  1791 | D:2      | Killed Natasha
  1894 | D:2      | Reached XP level 4. HP: 16/30 MP: 5/10
  2269 | D:2      | Reached * piety under Yredelemnul
  2463 | D:3      | Noticed Sigmund
  2491 | D:3      | Killed from afar by Sigmund

Action                   |  1- 3 |  4- 6 || total
-------------------------+-------+-------++-------
Melee: Unarmed           |     9 |       ||     9
       Short sword       |    17 |       ||    17
 Cast: Pain              |    71 |    28 ||    99
  Use: Scroll            |     6 |     1 ||     7
